Cogmind - Beta 16 @@@ ROGUE MODE // 2026.01.04 @ 19:43:20 Player: Triffids Result: Destroyed by D-53 Grenadier with Mini Grenade Launcher Performance ------------- Evolutions (0) 0 Regions Visited (2) 400 Robots Destroyed (16) 80 Value Destroyed (289) 289 Prototype IDs (0) 0 Alien Tech Used (0) 0 Bonus (0) 0 TOTAL SCORE: 769 Bonus ------- None Cogmind --------- Core Integrity 0/250 Matter 300/300 Energy 100/100 System Corruption 0% Temperature Cool (0) Movement Core (50) Location -10/Mines Parts ------- > --- POWER (1) -------- (None) > --- PROPULSION (2) --- (None) > --- UTILITY (2) ------ (None) > --- WEAPON (2) ------- (None) > --- INVENTORY (5) ---- Light Ion Engine Aluminum Leg Aluminum Leg Armored Wheel Mining Laser Peak State ------------ > --- POWER ------------ Ion Engine > --- PROPULSION ------- Armored Wheel Armored Wheel > --- UTILITY ---------- Small Storage Unit Seismic Detector > --- WEAPON ----------- Medium Laser Medium Laser > --- INVENTORY -------- Light Ion Engine Aluminum Leg Aluminum Leg Aluminum Leg Wheel Improved Terrain Scanner Light Assault Rifle Mining Laser [Rating: 10] Favorites ----------- Power Ion Engine Engine Ion Engine Propulsion Wheel Wheel Wheel Utility Small Storage Unit Device Seismic Detector Storage Small Storage Unit Weapon Medium Laser Energy Gun Medium Laser Build | -11 -10 -10 ------- Run | Yrd Mat Min Slots Evolved . | . . . Power . | . . . Propulsion . | . . . Utility . | . . . Weapon . | . . . Parts Attached 9 | 7 2 . Power 1 | 1 . . Engine 1 | 1 . . Core . | . . . Reactor . | . . . Propulsion 4 | 2 2 . Treads . | . . . Leg . | . . . Wheel 4 | 2 2 . Hover . | . . . Flight . | . . . Utility 2 | 2 . . Device 1 | 1 . . Storage 1 | 1 . . Processor . | . . . Hackware . | . . . Protection . | . . . Artifact . | . . . Weapon 2 | 2 . . Energy Gun 2 | 2 . . Energy Cannon . | . . . Ballistic Gun . | . . . Ballistic Cannon . | . . . Launcher . | . . . Special Weapon . | . . . Impact Weapon . | . . . Slashing Weapon . | . . . Piercing Weapon . | . . . Special Melee Weapon . | . . . Unidentified Prototypes . | . . . Parts Lost 7 | . . 7 Power 1 | . . 1 Propulsion 2 | . . 2 Utility 2 | . . 2 Weapon 2 | . . 2 Highest Loss Streak 7 | . . 7 To Critical Strikes . | . . . Average Backups 5 | 3 6 8 Power 1 | 1 1 1 Propulsion 2 | 1 2 5 Utility . | . . . Weapon 1 | 1 1 2 Tool/Special . | . . . Unused Backups 9 | . 1 8 Power 1 | . . 1 Propulsion 5 | . . 5 Utility 1 | . 1 . Weapon 2 | . . 2 Tool/Special . | . . . Average Slot Usage (%) 94 | . 100 64 Engine 12 | . 14 4 Wheel 27 | . 28 23 Device 13 | . 14 11 Storage 14 | . 14 14 Energy Gun 24 | . 28 9 Peak Build Rating 10 | 7 10 9 Average Rating 6 | 5 7 5 On Entrance 5 | . 7 9 Avg Prop Armor Cover (%) 33 | 33 . . Naked Turns 1 | . . 1 Heaviest Build 15 | 15 15 15 Greatest Support 24 | 20 24 24 Greatest Overweight (x) 1 | 1 . 1 Average Overweight (x) . | . . . Largest Inventory Capacity 8 | 8 8 8 Average Capacity 7 | 7 8 7 Most Carried 8 | 7 8 8 Average Carried 5 | 3 6 7 Final Capacity 8 | 8 8 5 Final Carried 8 | 5 8 5 Class Distribution -------------------- 100% | Mutant Dominant Class ---------------- Mutant | -10/Materials Mutant | -10/Mines Resources | -11 -10 -10 ----------- Run | Yrd Mat Min Matter Collected 290 | 270 20 . Remotely . | . . . Salvage Created 524 | 137 387 . Parts 26 | 16 10 . Haulers Intercepted 1 | . 1 . Recyclers Shooed 1 | . 1 . Parts Field Recycled . | . . . Retrieved Matter . | . . . Parts Self-Destructed . | . . . Prevented . | . . . Parts Restored . | . . . Kills | -11 -10 -10 ------- Run | Yrd Mat Min Combat Hostiles Destroyed 6 | . 6 . Guns 5 | . 5 . Classes Destroyed 5 | 2 3 . Tunneler 6 | 5 1 . Hauler 1 | . 1 . Recycler 2 | 1 1 . Watcher 1 | . 1 . Grunt 6 | . 6 . Best Kill Streak 4 | 4 3 . Combat Bots Only 2 | . 2 . Max Kills in Single Turn 1 | 1 1 . Gunslinging . | . . . Exploded . | . . . Melee . | . . . Uniques/NPCs Destroyed . | . . . Combat | -11 -10 -10 -------- Run | Yrd Mat Min Hostile Shots Fired 54 | . 39 15 Missed 16 | . 15 1 Hits 38 | . 24 14 Projectile 38 | . 24 14 AOE 15 | . . 15 Damage Taken 883 | . 282 601 Core 260 | . 36 224 Absorbed by Shields . | . . . Core Remaining (%) 100 | 100 . . Volleys Fired 50 | 12 38 . Largest 2 | 2 2 . Hottest 100 | 100 100 . Shots Fired 94 | 24 70 . Gun 94 | 24 70 . Cannon . | . . . Launcher . | . . . Special . | . . . Kinetic . | . . . Thermal 94 | 24 70 . Explosive . | . . . Electromagnetic . | . . . Robot Hit Streak 15 | 5 15 . Robot Miss Streak 4 | 4 3 . Penetration Max . | . . . Secondary Targets . | . . . Shots Hit Robots 59 | 13 46 . Core Hits 25 | 7 18 . Critical Kills . | . . . Critical Parts Destroyed . | . . . Critical Strikes 7 | 2 5 . Burn 7 | 2 5 . Melee Attacks . | . . . Impact . | . . . Slashing . | . . . Piercing . | . . . Sneak Attacks . | . . . Combat Hostiles . | . . . Follow-up Attacks . | . . . Damage Inflicted 759 | 164 595 . Guns 759 | 164 595 . Cannons . | . . . Explosions . | . . . Melee . | . . . Ramming . | . . . Kinetic . | . . . Thermal 759 | 164 595 . Explosive . | . . . Electromagnetic . | . . . Impact . | . . . Slashing . | . . . Piercing . | . . . Highest Corruption . | . . . Average Corruption . | . . . Corruption Purged . | . . . Corruption Blocked . | . . . Overload Shots . | . . . Overflow Damage . | . . . Projectiles . | . . . Explosions . | . . . Melee . | . . . Knockbacks . | . . . Impact . | . . . Kinetic . | . . . Secondary . | . . . Self-Inflicted Damage . | . . . Shots . | . . . Rammed . | . . . Targets Rammed . | . . . Kicked . | . . . Crushed . | . . . Highest Temperature 337 | 312 337 . Average Temperature 125 | 139 120 . Received Heat Transfer 153 | . 153 . Effects 5 | 1 4 . Shutdowns 1 | . 1 . Energy Bleed 3 | 1 2 . Interference 1 | . 1 . Siege Activations . | . . . Martial Activations . | . . . Shielding Activations . | . . . Robots Disrupted . | . . . Combat Hostiles . | . . . Robots Corrupted . | . . . Combat Hostiles . | . . . Parts Fried . | . . . Impact Corruptions . | . . . Robots Melted 1 | . 1 . Combat Hostiles 1 | . 1 . Parts Melted 12 | 3 9 . Heat Transferred 2775 | 629 2146 . Parts Sabotaged . | . . . Parts Stolen . | . . . Parts Stripped . | . . . Power Chain Reactions . | . . . Alert | -11 -10 -10 ------- Run | Yrd Mat Min Maximum Alert Level . | . . . Low Security (%) 100 | 100 100 100 Level 1 . | . . . Level 2 . | . . . Level 3 . | . . . Level 4 . | . . . Level 5 . | . . . High Security . | . . . Max Security . | . . . Peak Influence 78 | 10 78 30 Initial 30 | . . 30 Average 28 | 2 42 5 Influence Increases 233 | 30 203 . Destroy 0b10 Robot/C 120 | . 120 . Destroy 0b10 Robot/NC 50 | 30 20 . Destroy Leader 34 | . 34 . Successful Hack 13 | . 13 . Destroy Structure 1 | . 1 . Lose Combat Pursuer 15 | . 15 . Influence Decreases 233 | 30 125 78 Entered New Map 48 | . . 48 Time Decay 155 | 30 125 . Lost Part 30 | . . 30 Squads Dispatched 2 | . 2 . Investigation 1 | . 1 . Extermination . | . . . Reinforcement 1 | . 1 . Assault . | . . . Garrison . | . . . Intercept . | . . . Searches Triggered . | . . . Construction Impeded . | . . . Haulers Reinforced . | . . . Active Scanning Responses . | . . . Cargo Convoy Interrupts . | . . . Stealth | -11 -10 -10 --------- Run | Yrd Mat Min Distress Signals . | . . . Communications Jammed . | . . . Distress Signals . | . . . Times Spotted 12 | . 10 2 Peak Tracking Total 3 | . 3 2 Tactical Retreats 1 | . 1 . Traps | -11 -10 -10 ------- Run | Yrd Mat Min Traps Triggered 1 | . 1 . Indirectly . | . . . Trap Hack Attempts . | . . . Triggered . | . . . Disarmed . | . . . Reprogrammed . | . . . Reused . | . . . Traps Extracted . | . . . Installed . | . . . Triggered . | . . . Machines | -11 -10 -10 ---------- Run | Yrd Mat Min Machines Disabled . | . . . Max in Single Turn . | . . . Machines Repaired . | . . . Machines Dismantled . | . . . Machines Sabotaged . | . . . Overloaded Fab Kills . | . . . Hacking | -11 -10 -10 --------- Run | Yrd Mat Min Machines Accessed 3 | . 3 . Terminals 3 | . 3 . Fabricators . | . . . Repair Stations . | . . . Recycling Units . | . . . Scanalyzers . | . . . Garrison Access . | . . . Total Hacks 11 | . 11 . Successful 7 | . 7 . Failed 4 | . 4 . Catastrophic 1 | . 1 . Database Lockouts . | . . . Manual 5 | . 5 . Terminals 11 | . 11 . Fabricators . | . . . Repair Stations . | . . . Recycling Units . | . . . Scanalyzers . | . . . Garrison Access . | . . . Terminal Hacks 4 | . 4 . Terminal Index 1 | . 1 . Locate Traps 2 | . 2 . Zone Layout 1 | . 1 . Fabricator Hacks . | . . . Repair Station Hacks . | . . . Recycling Unit Hacks . | . . . Scanalyzer . | . . . Garrison Access Hacks . | . . . Unauthorized Hacks 3 | . 3 . Terminals 3 | . 3 . Botnet 2 | . 2 . Disrupt 1 | . 1 . Fabricators . | . . . Repair Stations . | . . . Recycling Units . | . . . Scanalyzers . | . . . Garrison Access . | . . . Data Cores Recovered . | . . . Used . | . . . Hacking Detections 3 | . 3 . Full Trace Events 1 | . 1 . Feedback Events . | . . . Feedback Blocked . | . . . Robot Schematics Acquired . | . . . Robots Built . | . . . Authchips . | . . . Time . | . . . Total Robot Build Rating . | . . . Part Schematics Acquired . | . . . Parts Built . | . . . Authchips . | . . . Time . | . . . Total Part Build Rating . | . . . Part Studies Acquired . | . . . Parts Repaired . | . . . Time . | . . . Parts Recycled . | . . . Recycled Matter . | . . . Retrieved Matter . | . . . Retrieved Components . | . . . Parts Scanalyzed . | . . . Part Schematics Acquired . | . . . Parts Damaged . | . . . Bothacking | -11 -10 -10 ------------ Run | Yrd Mat Min Used RIF Installer . | . . . Robots Hacked . | . . . Non-combat . | . . . Combat . | . . . Robot Hacks Applied . | . . . Relay Couplers Released . | . . . Fabnet Peak Effective % . | . . . Robots Rewired . | . . . Allies Hacked . | . . . Hacks Repelled . | . . . Allies | -11 -10 -10 -------- Run | Yrd Mat Min Total Allies . | . . . Largest Group . | . . . Highest-Rated Group . | . . . Highest-Rated Ally . | . . . Total Orders . | . . . Ally Attacks . | . . . Total Damage . | . . . Kills . | . . . Allies Corrupted . | . . . Allies Melted . | . . . Intel | -11 -10 -10 ------- Run | Yrd Mat Min Active Infowar (turns) 344 | 7 297 40 Seismic 344 | 7 297 40 Robot Analysis Total . | . . . Derelict Logs Recovered . | . . . Drone Launches . | . . . Drone Recoveries . | . . . Exploration | -11 -10 -10 ------------- Run | Yrd Mat Min Turns Passed 463 | 119 297 47 Spaces Moved 299 | 70 182 47 Core 34 | 31 . 3 Treads . | . . . Legs . | . . . Wheels 265 | 39 182 44 Hover . | . . . Flight . | . . . Fastest Speed 50 | 50 80 90 Average Speed 80 | 69 81 90 Slowest Speed 100 | 100 90 100 Overloaded Moves . | . . . Propulsion Burnouts . | . . . Robots Hopped . | . . . Potential Cave-ins . | . . . Cave-ins Triggered . | . . . Exploration Rate (%) 15 | 4 27 15 Regions Visited 2 Branch Regions 1 Pre-discovered Areas . | . . . Known Exits Taken . | . . . Unknown Exits Taken 2 | 1 1 . Scrap Searched . | . . . Spaces Dug . | . . . Terrain Destroyed . | . . . Melee . | . . . Projectile . | . . . AOE . | . . . Terrain Rammed . | . . . Walls Destroyed . | . . . Machines Disabled . | . . . Actions | -11 -10 -10 --------- Run | Yrd Mat Min Total 426 | 114 261 51 Wait 55 | 18 33 4 Move 297 | 69 181 47 Hop . | . . . Pick Up 12 | 8 4 . Fast Attach 4 | 4 . . Attach 3 | 3 . . Detach . | . . . Swap 2 | . 2 . Drop 3 | . 3 . Fire 50 | 12 38 . Melee . | . . . Ram . | . . . Kick . | . . . Crush . | . . . Escape Stasis . | . . . Rewire . | . . . Trap . | . . . Miscellaneous . | . . . Route ------- -11/Scrapyard -10/Materials (discovered 2 exits: [*Mat] / [*Min]) -10/Mines History --------- Turn | Location | Event 9 | -11/Scrapyard | Discovered new exit (range 15) 120 | -11/Scrapyard | Entered Materials 209 | -10/Materials | Discovered new exit (range 9) 311 | -10/Materials | Build established: Mutant 341 | -10/Materials | Discovered new exit (range 14) 417 | -10/Materials | Entered Mines 418 | -10/Mines | Assembled infested the area 450 | -10/Mines | Core integrity fell below 50% 452 | -10/Mines | Found a damaged Exp. Sensor Array with a note attached 460 | -10/Mines | Core integrity fell below 20% 464 | -10/Mines | Destroyed by D-53 Grenadier with Mini Grenade Launcher Last Messages --------------- 00425_ K-01 Serf collects debris. 00425_ Ion Engine destroyed. 00425_ K-01 Serf destroyed. 00426_ Med. Laser destroyed. 00429_ The unstable cave ceiling collapses. 00452_ A damaged part is partially visible under some rubble. There's a note attached: "Everyone keeps telling us we should avoid high-traffic areas because that's where patrols are more likely to show up, but that doesn't do us much good if we can't spot those areas until they're on top of us... With this we can! Deliver it to Megawrench for repairs then we'll never be afraid of an ambush while sneaking around Materials again, ha." 00453_ Arm. Wheel destroyed. 00454_ The unstable cave ceiling collapses. 00457_ Arm. Wheel destroyed. 00457_ Seismic Detector destroyed. 00459_ The unstable cave ceiling collapses. 00463_ Sml. Storage Unit destroyed. Map ----- +----------------------------------------------------+ | ???????????????????????????????? | | ???????????????????????????????? | | ???????????????????????????????? | | ???????????????????????????????? | | ???????????????????????????????? | | ???????????????????????????????? | | ???????????????????????????????? | | ???????????????????????????????? | | ???????????????????????????????? | | ???????????????????????????????? | | ???????????????????????????????? | | ???????????????????????????????? | | ???????????????????????????????? | | ???? ??????????????????????????? | | ???# ??????????????????????????? | | ???# ??????????????????????????? | | ???# ?????????####?????????????? | | ???# ???????## #####?????????? | | ???# ??????## #?????????? | | ???# ????### ## ######????? | | ???# ??### ### #????? | | ???# ### ##?###### ####?? | | ???# ##????# ##? | | ???# ## ##???## #? | | ??## ##???# dd #?? | | ??# ##???# @ #?? | | ?## #???# = #? | | ## #???# #? | | # ##???# #? | | = ##????# #? | | ###?????# ##? | | % # #?????# #?? | | #### # #?????## #?? | | ????#?# #??????## #? | | ???????# #???????# ##? | | ???????# #???????### #?? | | ???????# #?????????## ##?? | | ???????##### ##???????????###??? | | ???????????? #?????????????????? | | ???????????? #?????????????????? | | ???????????? #?????????????????? | | ????????????? ?????????????????? | | ?????????????#?????????????????? | | ???????????????????????????????? | | ???????????????????????????????? | | ???????????????????????????????? | | ???????????????????????????????? | | ???????????????????????????????? | | ???????????????????????????????? | | ???????????????????????????????? | +----------------------------------------------------+ Best States ------------- Heat Dissipation 25 Energy Generation 10 Energy Capacity 250 Matter Stores 300 Matter Capacity 300 Sight Range 16 Terrain Scan Density 10 Evasion (%) 50 Item Schematics ----------------- None Robot Schematics ------------------ None Fabricated ------------ Nothing Repaired ---------- Nothing Studied --------- None Alien Tech Used ----------------- None Achievements -------------- None Challenges ------------ None Game ------ Seed SlugCompactKatana Manual? 0 Play Time 00:06:55 Cumulative 256.0 hours Start 2026.01.04 @ 19:37:08 End 2026.01.04 @ 19:43:20 Sessions 1 Manual Loads 0 Difficulty Rogue Special Mode None Game No. 490 Rogue 490 Adventurer 0 Explorer 0 Win Type - Total 1 Types 1/0/0/0/0/0/0/0/0/0 Lore% 30 Gallery% 47 Achievement% 27 Wizard Run 0 Options --------- Layout 1 ASCII 0 Keyboard 1 Movement Vi Keybinds 0 Fullscreen 0 Font 20/Smallcaps Map View 59x39 Zoom Use 0% Tactical HUD 1 Map Filters NONE Filters NONE Steam 1 RUN: bc05ec42-34c8-423b-b96c-e31c2f0ea08a